 Dungeon Crawl Stone Soup version 0.29.1-15-g9cfb28693d (webtiles) character file.

Game seed: 3401508094832307637

693 kotzaplot the Chopper (level 7, -1/94 HPs)
             Began as a Minotaur Berserker on Apr 4, 2023.
             Was a Believer of Trog.
             Slain by a scorpion (4 damage)
             ... on level 5 of the Dungeon.
             The game lasted 00:28:32 (7046 turns).

kotzaplot the Chopper (Minotaur Berserker)          Turns: 7046, Time: 00:28:33

Health: -1/94      AC: 10    Str: 23    XL:     7   Next: 37%
Magic:  6/6        EV:  8    Int:  4    God:    Trog [**....]
Gold:   73         SH:  0    Dex: 10    Spells: 6/6 levels left

rFire   . . .      SeeInvis .   r - +2 hand axe (freeze)
rCold   . . .      Faith    .   (no shield)
rNeg    + . .      Spirit   .   b - +1 chain mail
rPois   .          Reflect  .   (helmet restricted)
rElec   .          Harm     .   u - scarf {repulsion}
rCorr   .          Rampage  .   (no gloves)
Will    ++...                   (no boots)
Stlth   ..........              o - amulet of magic regeneration
HPRegen 1.25/turn               j - ring of positive energy
MPRegen 0.50/turn               (no ring)

@: berserking, lethally poisoned (-1 -> -1), strong-willed, regenerating, repel
missiles, very quick
A: horns 2, retaliatory headbutt
a: Renounce Religion, Berserk, Trog's Hand


You were on level 5 of the Dungeon.
You worshipped Trog.
Trog was pleased with you.
You visited 2 branches of the dungeon, and saw 6 of its levels.

You collected 112 gold pieces.
You spent 39 gold pieces at shops.

Inventory:

Hand Weapons
 r - a +2 hand axe of freezing (weapon)
Armour
 b - a +1 chain mail (worn)
 u - a scarf of repulsion (worn)
Jewellery
 j - a ring of positive energy (left hand)
 o - an amulet of magic regeneration (around neck)
Scrolls
 e - 3 scrolls of magic mapping
 f - 4 scrolls of immolation
 h - a scroll of enchant armour
 i - a scroll of acquirement {unknown}
 m - a scroll of teleportation
 n - a scroll of enchant weapon {unknown}
 q - a scroll of amnesia {unknown}
Potions
 a - 2 potions of heal wounds
 c - a potion of resistance
 d - a potion of magic
 g - 2 potions of ambrosia {unknown}
 k - 2 potions of brilliance
 l - a potion of mutation
 p - a potion of lignification {unknown}
 s - a potion of curing
 t - a potion of haste


   Skills:
 + Level 6.0 Fighting
 * Level 7.8 Axes
 + Level 5.3 Armour
 - Level 2.1 Dodging


You had 6 spell levels left.
You didn't know any spells.
Your spell library contained the following spells:

 Spells                   Type           Power      Damage    Failure   Level
 Beastly Appendage        Tmut           0%         N/A       99%         1
 Sandblast                Erth           0%         2d4       99%         1
 Passwall                 Tmut/Erth      0%         N/A       99%         2
 Wereblood                Tmut           0%         N/A       99%         2
 Spider Form              Tmut/Pois      0%         N/A       100%        3
 Stone Arrow              Conj/Erth      0%         3d7       100%        3


Dungeon Overview and Level Annotations

Branches:
Dungeon (5/15)             Temple (1/1) D:4

Altars:
Ashenzari
Cheibriados
Dithmenos
Elyvilon
Fedhas
Gozag
Kikubaaqudgha
Makhleb
Nemelex Xobeh
Qazlal
Ru
Trog
Uskayaw
Vehumet
Wu Jian
Xom
Yredelemnul
Zin
The Shining One

Shops:
D:4 !


Innate Abilities, Weirdness & Mutations

You have a pair of horns on your head.
You reflexively headbutt those who attack you in melee.


Message History

The ogre shouts!
Found 3 gold pieces, a short sword and 5 poisoned darts.
There is a stone staircase leading up here.
You now have 73 gold pieces (gained 3).
The ogre hits you with a +0 giant spiked club!!
You hear a loud, deep croak!
A scorpion and a bullfrog come into view.
The bullfrog gives a loud, deep croak!
The ogre barely misses you. You furiously retaliate!
You headbutt the ogre.
Found a stone staircase leading down.
The ogre attacks as you move away!
The ogre hits you with a +0 giant spiked club!
Your skin crawls.
You feel strong-willed.
The ogre hits you with a +0 giant spiked club!!
* * * LOW HITPOINT WARNING * * *
A red film seems to cover your vision as you go berserk!
You feel yourself moving faster!
You feel mighty!
You slash the ogre! You freeze the ogre.
The ogre is severely wounded.
You hit the scorpion. You freeze the scorpion. You slash the bullfrog!
The bullfrog seems to slow down.
You freeze the bullfrog.
The scorpion stings you but does no damage.
The bullfrog hits you but does no damage.
The ogre barely misses you. You furiously retaliate!
You headbutt the ogre!
You kill the ogre!
Trog accepts your kill.
Your Fighting skill increases to level 6!
The scorpion stings you.
* * * LOW HITPOINT WARNING * * *
You are poisoned.
The scorpion poisons you!
The bullfrog hits you but does no damage.
Things that are here:
a +0 giant spiked club; an ogre corpse You are too berserk!
You barely miss the bullfrog. You headbutt the bullfrog!
The bullfrog is almost dead.
You barely miss the scorpion.
You feel sick. The scorpion stings you.
You die...

#########
#.......#
#.......# #
##.......#
..####........#
#.....s.......#
#....##@F.....#
........<.....#
.....##.........
...> #.........
... #.........
.. #)...(.... .
..........
#.#####.## #.#
.#


You could see a bullfrog (slow) and a scorpion.

Vanquished Creatures
  Menkaure (D:4)
  An ogre (D:5)
  A scorpion (D:4)
  An orc priest (D:4)
  A hound (D:4)
  A gnoll bouda (D:4)
  2 iguanas (D:4)
  4 orc wizards (D:4)
  5 gnolls
  3 adders (D:4)
  A shadow imp (D:4)
  3 worms
  2 dart slugs
  13 orcs (D:4)
  4 bats
  10 endoplasms
  6 giant cockroaches
  4 hobgoblins
  5 quokkas
  6 ball pythons
  4 frilled lizards
  4 goblins
  5 kobolds
  10 rats
97 creatures vanquished.

Vanquished Creatures (others)
  34 plants
34 creatures vanquished.

Grand Total: 131 creatures vanquished

Notes
Turn   | Place    | Note
-------+----------+-------------------------------------------
     0 | D:1      | kotzaplot the Minotaur Berserker began the quest for the
                  | Orb.
     0 | D:1      | Reached XP level 1. HP: 19/19 MP: 0/0
   139 | D:1      | Reached skill level 4 in Axes
   210 | D:1      | Reached XP level 2. HP: 21/27 MP: 1/1
   665 | D:1      | Reached XP level 3. HP: 33/33 MP: 2/2
  1141 | D:1      | Reached ** piety under Trog
  1552 | D:2      | Found a faded altar of an unknown god.
  2256 | D:2      | Found a radiant altar of Vehumet.
  2952 | D:3      | Reached XP level 4. HP: 34/41 MP: 3/3
  3588 | D:3      | Reached skill level 5 in Axes
  3645 | D:3      | You fall into a shaft and drop 1 floor!
  3671 | D:4      | Reached XP level 5. HP: 47/47 MP: 4/4
  3827 | D:4      | Reached skill level 5 in Fighting
  3827 | D:4      | Reached skill level 6 in Axes
  5340 | D:4      | Found a staircase to the Ecumenical Temple.
  5354 | D:4      | Reached XP level 6. HP: 56/56 MP: 5/5
  5486 | D:4      | Found Reos Derch's Distillery.
  5497 | D:4      | Bought a potion of curing for 39 gold pieces
  6128 | D:4      | Noticed Menkaure
  6135 | D:4      | Killed Menkaure
  6136 | D:4      | Reached skill level 7 in Axes
  6481 | D:4      | Reached XP level 7. HP: 60/62 MP: 6/6
  6566 | D:4      | Reached skill level 5 in Armour
  6933 | Temple   | Entered the Ecumenical Temple
  6933 | Temple   | Found a transporter.
  6933 | Temple   | Found a transporter.
  6935 | Temple   | Found a transporter.
  6935 | Temple   | Found a transporter.
  7012 | D:5      | Entered Level 5 of the Dungeon
  7046 | D:5      | HP: 3/94 [poisoned by a scorpion]
  7046 | D:5      | Slain by a scorpion

Illustrated notes

Levels and vault maps discovered:
D:1:      kennysheep_arrival_seaside, layout_basic, minmay_cut_off
D:2:      wad_woods_stonehenge, layout_basic,
          shapermc_ecumenical_altar_notcrosses, chequers_decorated_corner
D:3:      layout_loops_corners, serial_forest, infiniplex_forest_end_double,
          infiniplex_forest_straight_2, infiniplex_forest_straight_5,
          infiniplex_forest_fountain, infiniplex_forest_split,
          infiniplex_forest_clump_double, infiniplex_forest_lined_3_way,
          infiniplex_forest_end_2, infiniplex_forest_clump_curved,
          minmay_misc_feat_enclosed, minivault_23
D:4:      layout_basic, minmay_temple_entry_gardened_gates, serial_shops, shop,
          minmay_misc_feat_rows, uniq_menkaure
D:5:      layout_rooms, st_stairs_14, hangedman_minor_gate_pass
Temple:   hellmonk_temple_divided_pantheon

Skill      XL: |  1  2  3  4  5  6  7 |
---------------+----------------------+-----
Axes           | 4 5 6 7 |  7.8
Fighting       | 4 5 6 |  6.0
Armour         | 3 4 5 |  5.3
Dodging        | |  2.1

Action                   |  1- 3 |  4- 6 |  7- 9 || total
-------------------------+-------+-------+-------++-------
Melee: Hand axe          |   152 |    86 |    27 ||   265
       Headbutt          |    31 |    11 |     4 ||    46
       Punch             |       |     2 |     1 ||     3
Invok: Berserk           |     1 |     5 |     2 ||     8
       Trog's Hand       |       |     1 |     1 ||     2
  Use: Scroll            |     6 |     4 |       ||    10
 Stab: Sleeping          |     1 |       |       ||     1
Armor: Leather armour    |    36 |       |       ||    36
       Chain mail        |    15 |    35 |    22 ||    72
Dodge: Dodged            |    58 |    24 |    14 ||    96
